PAAA
PLYMOUTH ROCKS @ HOUSTON BC
07/11/2029
 
TOP OF THE 1ST
Plymouth Rocks batting - Pitching for Houston BC : LHP Will Hunting
Pitching: LHP Will Hunting
Batting: LHB José Castillo 0-0: Swinging Strike
0-1: Ground out 1-3 (Groundball, 13S)
Batting: RHB Hubert Dodson 0-0: Ball
1-0: Called Strike
1-1: Ball
2-1: Foul Ball, location: 2F
2-2: Strikes out swinging
Batting: RHB Ernesto Trevino 0-0: Called Strike
0-1: Ball
1-1: Foul Ball, location: 2F
1-2: Ground out 6-3 (Groundball, 6)
Top of the 1st over - 0 runs, 0 hits, 0 errors, 0 left on base; Plymouth 0 - Houston 0
BOTTOM OF THE 1ST
Houston BC batting - Pitching for Plymouth Rocks : RHP Armando Marrero
Pitching: RHP Armando Marrero
Batting: RHB Tyler Utterback 0-0: Ground out 5-3 (Groundball, 5S)
Batting: RHB Alfredo Mojica 0-0: Ball
1-0: Called Strike
1-1: Ball
2-1: SINGLE (Groundball, 56D)
Batting: LHB Dawit Lihalakha 0-0: Ball
1-0: Ball
2-0: Ball
3-0: Called Strike
3-1: Base on Balls
Alfredo Mojica to second
Batting: RHB António López 0-0: SINGLE (Groundball, 6MD)
Alfredo Mojica to third
Dawit Lihalakha to second
Runner from 3rd tries for Home, SAFE, no throw
Batting: RHB Ludovico Trezza 0-0: Reached via error on a dropped throw, E4
Dawit Lihalakha to third
António López to second
Batting: RHB Dennis Morrow 0-0: Ball
1-0: Foul Ball, location: 2F
1-1: Called Strike
1-2: Ball
2-2: Ball
3-2: Base on Balls
Dawit Lihalakha scores
António López to third
Ludovico Trezza to second
Batting: RHB Alfredo Rivera 0-0: Ball
1-0: Called Strike
1-1: Foul Ball, location: 2F
1-2: Foul Ball, location: 2F
1-2: Foul Ball, location: 2F
1-2: Ball
2-2: Fly out, F8 (Flyball, 8LS)
Runner from 3rd tags up, OUT at HOME
Bottom of the 1st over - 2 runs, 2 hits, 1 error, 2 left on base; Plymouth 0 - Houston 2
TOP OF THE 2ND
Plymouth Rocks batting - Pitching for Houston BC : LHP Will Hunting
Batting: SHB Javier Vega 0-0: Ball
1-0: Ball
2-0: Swinging Strike
2-1: DOUBLE (Line Drive, 78XD)
Batting: RHB Chris Teague 0-0: Called Strike
0-1: Swinging Strike
0-2: Ball
1-2: Ball
2-2: Strikes out looking
Batting: RHB Arturo Maldonado 0-0: Called Strike
0-1: Foul Ball, location: 2F
0-2: Strikes out swinging
Batting: LHB Bernardo Elías 0-0: Foul Ball, location: 2F
0-1: Swinging Strike
0-2: Ball
1-2: Foul Ball, location: 2F
1-2: Ball
2-2: SINGLE (Groundball, 4M) (infield hit)
Javier Vega to third
Batting: SHB Arnold Griffith 0-0: Ball
1-0: Foul Ball, location: 2F
1-1: Ball
2-1: Called Strike
2-2: Reached on error, E4 (Groundball, 4M)
Javier Vega scores
Bernardo Elías to second
Batting: RHB Andrew Weeks 0-0: Ball
1-0: Foul Ball, location: 2F
1-1: Ball
2-1: Swinging Strike
2-2: Foul Ball, location: 2F
2-2: Ball
3-2: Base on Balls
Bernardo Elías to third
Arnold Griffith to second
Batting: LHB José Castillo 0-0: Ball
1-0: Ball
2-0: Fly out, F8 (Flyball, 78M)
Top of the 2nd over - 1 run, 2 hits, 1 error, 3 left on base; Plymouth 1 - Houston 2
BOTTOM OF THE 2ND
Houston BC batting - Pitching for Plymouth Rocks : RHP Armando Marrero
Batting: RHB George Zeek 0-0: Ball
1-0: Called Strike
1-1: Swinging Strike
1-2: Strikes out swinging
Batting: LHB Raúl Trevino 0-0: Ground out U3 (Groundball, 34)
Batting: RHB Tyler Utterback 0-0: Called Strike
0-1: Ball
1-1: DOUBLE (Line Drive, 78D)
Batting: RHB Alfredo Mojica 0-0: Called Strike
0-1: Ball
1-1: Ball
2-1: SINGLE (Line Drive, 7S)
Tyler Utterback to third
Runner from 3rd tries for Home, SAFE, no throw
Batting: LHB Dawit Lihalakha 0-0: Called Strike
0-1: Ball
1-1: Swinging Strike
1-2: Ground out 4-3 (Groundball, 34)
Bottom of the 2nd over - 1 run, 2 hits, 0 errors, 1 left on base; Plymouth 1 - Houston 3
TOP OF THE 3RD
Plymouth Rocks batting - Pitching for Houston BC : LHP Will Hunting
Batting: RHB Hubert Dodson 0-0: Swinging Strike
0-1: Foul Ball, location: 2F
0-2: Ball
1-2: Ball
2-2: Ball
3-2: Foul Ball, location: 2F
3-2: Fly out, F4 (Popup, 4D)
Batting: RHB Ernesto Trevino 0-0: DOUBLE (Flyball, 78D)
Batting: SHB Javier Vega 0-0: Ball
Ernesto Trevino is caught stealing 3rd base
1-0: Ground out 4-3 (Groundball, 4M)
Top of the 3rd over - 0 runs, 1 hit, 0 errors, 0 left on base; Plymouth 1 - Houston 3
BOTTOM OF THE 3RD
Houston BC batting - Pitching for Plymouth Rocks : RHP Armando Marrero
Batting: RHB António López 0-0: Called Strike
0-1: Ground out 4-3 (Groundball, 4)
Batting: RHB Ludovico Trezza 0-0: Ball
1-0: Swinging Strike
1-1: Ball
2-1: Swinging Strike
2-2: Fly out, F3 (Popup, 3D)
Batting: RHB Dennis Morrow 0-0: Ball
1-0: Ground out 3-1 (Groundball, 34)
Bottom of the 3rd over - 0 runs, 0 hits, 0 errors, 0 left on base; Plymouth 1 - Houston 3
TOP OF THE 4TH
Plymouth Rocks batting - Pitching for Houston BC : LHP Will Hunting
Batting: RHB Chris Teague 0-0: Foul Ball, location: 2F
0-1: DOUBLE (Line Drive, 9LS)
Batting: RHB Arturo Maldonado 0-0: Called Strike
0-1: Ball
1-1: Swinging Strike
1-2: Ball
2-2: Ball
3-2: Ground out 4-3 (Groundball, 4D)
Chris Teague to third
Batting: LHB Bernardo Elías 0-0: Ball
1-0: SINGLE (Groundball, 6D)
Chris Teague scores
Batting: SHB Arnold Griffith 0-0: Ball
Bernardo Elías is caught stealing 2nd base
1-0: Called Strike
1-1: Foul Ball, location: 2F
1-2: Ball
2-2: Ground out 6-3 (Groundball, 6)
Top of the 4th over - 1 run, 2 hits, 0 errors, 0 left on base; Plymouth 2 - Houston 3
BOTTOM OF THE 4TH
Houston BC batting - Pitching for Plymouth Rocks : RHP Armando Marrero
Batting: RHB Alfredo Rivera 0-0: Foul Ball, location: 2F
0-1: Swinging Strike
0-2: Ball
1-2: Fly out, F5 (Popup, 56S)
Batting: RHB George Zeek 0-0: Foul Ball, location: 2F
0-1: Ground out U3 (Groundball, 34S)
Batting: LHB Raúl Trevino 0-0: Called Strike
0-1: Foul Ball, location: 2F
0-2: Ball
1-2: Foul Ball, location: 2F
1-2: SINGLE (Groundball, 34D)
Batting: RHB Tyler Utterback 0-0: Called Strike
0-1: Ball
1-1: Called Strike
Raúl Trevino steals 2nd base
1-2: Ball
2-2: Ball
3-2: Fly out, F9 (Flyball, 9LS)
Bottom of the 4th over - 0 runs, 1 hit, 0 errors, 1 left on base; Plymouth 2 - Houston 3
TOP OF THE 5TH
Plymouth Rocks batting - Pitching for Houston BC : LHP Will Hunting
Batting: RHB Andrew Weeks 0-0: Ball
1-0: Ball
2-0: Called Strike
2-1: Ball
3-1: Base on Balls
Batting: LHB José Castillo 0-0: Bunted foul
0-1: Bunted foul
0-2: Fielders Choice at 2nd, 6-4 (Groundball, 6)
Batting: RHB Hubert Dodson 0-0: Called Strike
0-1: Ball
1-1: Ball
2-1: Ball
3-1: Base on Balls
José Castillo to second
Batting: RHB Ernesto Trevino 0-0: SINGLE (Groundball, 34D)
José Castillo to third
Hubert Dodson to second
Runner from 3rd tries for Home, SAFE, no throw
Batting: SHB Javier Vega 0-0: Grounds into double play, 6-4-3 (Groundball, 6)
Top of the 5th over - 1 run, 1 hit, 0 errors, 1 left on base; Plymouth 3 - Houston 3
BOTTOM OF THE 5TH
Houston BC batting - Pitching for Plymouth Rocks : RHP Armando Marrero
Batting: RHB Alfredo Mojica 0-0: Ball
1-0: Foul Ball, location: 2F
1-1: Ball
2-1: Called Strike
2-2: SINGLE (Line Drive, 8LS)
Batting: LHB Dawit Lihalakha 0-0: Ball
1-0: Foul Ball, location: 2F
1-1: Ball
2-1: Ball
3-1: Base on Balls
Alfredo Mojica to second
Batting: RHB António López 0-0: Foul Ball, location: 2F
0-1: Grounds into double play, 6-4-3 (Groundball, 6)
Alfredo Mojica to third
Batting: RHB Ludovico Trezza 0-0: Called Strike
0-1: Swinging Strike
0-2: Ball
1-2: Strikes out swinging
Bottom of the 5th over - 0 runs, 1 hit, 0 errors, 1 left on base; Plymouth 3 - Houston 3
TOP OF THE 6TH
Plymouth Rocks batting - Pitching for Houston BC : LHP Will Hunting
Batting: RHB Chris Teague 0-0: Called Strike
0-1: Called Strike
0-2: Ball
1-2: Ground out 6-3 (Groundball, 6)
Batting: RHB Arturo Maldonado 0-0: Ground out 1-3 (Groundball, 13)
Batting: LHB Bernardo Elías 0-0: Ball
1-0: Ball
2-0: Foul Ball, location: 2F
2-1: Ball
3-1: Foul Ball, location: 2F
3-2: Foul Ball, location: 2F
3-2: Fly out, F8 (Flyball, 8RM)
Top of the 6th over - 0 runs, 0 hits, 0 errors, 0 left on base; Plymouth 3 - Houston 3
BOTTOM OF THE 6TH
Houston BC batting - Pitching for Plymouth Rocks : RHP Armando Marrero
Batting: RHB Dennis Morrow 0-0: Ball
1-0: Called Strike
1-1: Ground out 6-3 (Groundball, 6)
Batting: RHB Alfredo Rivera 0-0: SINGLE (Groundball, 6MD)
Batting: RHB George Zeek 0-0: Ball
1-0: Called Strike
1-1: Grounds into double play, 6-4-3 (Groundball, 6)
Bottom of the 6th over - 0 runs, 1 hit, 0 errors, 0 left on base; Plymouth 3 - Houston 3
TOP OF THE 7TH
Plymouth Rocks batting - Pitching for Houston BC : LHP Will Hunting
Batting: SHB Arnold Griffith 0-0: Called Strike
0-1: Fly out, F9 (Flyball, 9)
Batting: RHB Andrew Weeks 0-0: Ball
1-0: Fly out, F8 (Flyball, 8RD)
Batting: LHB José Castillo 0-0: Called Strike
0-1: Swinging Strike
0-2: Foul Ball, location: 2F
0-2: Ball
1-2: Strikes out swinging
Top of the 7th over - 0 runs, 0 hits, 0 errors, 0 left on base; Plymouth 3 - Houston 3
BOTTOM OF THE 7TH
Houston BC batting - Pitching for Plymouth Rocks : RHP Armando Marrero
Batting: LHB Raúl Trevino 0-0: Ball
1-0: SOLO HOME RUN (Flyball, 8RXD), Distance : 450 ft
Batting: RHB Tyler Utterback 0-0: Ball
1-0: Ball
2-0: Ball
3-0: Base on Balls
Batting: RHB Alfredo Mojica 0-0: Bunt missed!
0-1: Bunted foul
0-2: 2-RUN HOME RUN (Flyball, 78XD), Distance : 443 ft
Pitching: LHP Rio Bavin
Batting: LHB Dawit Lihalakha 0-0: Called Strike
0-1: Ball
1-1: Swinging Strike
1-2: SINGLE (Groundball, 5D)
Batting: RHB António López 0-0: Ball
1-0: Ball
2-0: Called Strike
2-1: Ball
3-1: Swinging Strike
3-2: Foul Ball, location: 2F
3-2: 2-RUN HOME RUN (Flyball, 9LD), Distance : 345 ft
Batting: RHB Ludovico Trezza 0-0: Called Strike
0-1: Ball
1-1: Ball
2-1: SINGLE (Line Drive, 9LS)
Batting: RHB Dennis Morrow 0-0: Called Strike
0-1: Swinging Strike
0-2: SINGLE (Groundball, 6S) (infield hit)
Ludovico Trezza to second
Batting: RHB Alfredo Rivera 0-0: Ball
1-0: Ball
2-0: Called Strike
2-1: Foul Ball, location: 2F
2-2: Foul Ball, location: 2F
2-2: Strikes out looking
Batting: RHB George Zeek 0-0: Foul Ball, location: 2F
0-1: Foul Ball, location: 2F
0-2: Ball
1-2: Foul Ball, location: 2F
1-2: Foul Ball, location: 2F
1-2: Strikes out swinging
Batting: LHB Raúl Trevino 0-0: Ball
1-0: Called Strike
1-1: Swinging Strike
1-2: DOUBLE (Line Drive, 78D)
Ludovico Trezza scores
Dennis Morrow to third
Runner from 3rd tries for Home, SAFE, no throw
Batting: RHB Tyler Utterback 0-0: Called Strike
0-1: Ball
1-1: Called Strike
1-2: Foul Ball, location: 2F
1-2: Ball
2-2: SINGLE (Groundball, 56S) (infield hit)
Raúl Trevino to third
Batting: RHB Alfredo Mojica 0-0: Called Strike
0-1: Ball
1-1: Ball
2-1: Ball
3-1: Base on Balls
Tyler Utterback to second
Batting: LHB Dawit Lihalakha 0-0: Called Strike
0-1: Foul Ball, location: 2F
0-2: Foul Ball, location: 2F
0-2: Ball
1-2: Ball
2-2: Ball
3-2: Base on Balls
Raúl Trevino scores
Tyler Utterback to third
Alfredo Mojica to second
Batting: RHB António López 0-0: Fly out, F9 (Line Drive, 89D)
Bottom of the 7th over - 8 runs, 8 hits, 0 errors, 3 left on base; Plymouth 3 - Houston 11
TOP OF THE 8TH
Plymouth Rocks batting - Pitching for Houston BC : LHP Will Hunting
Batting: RHB Hubert Dodson 0-0: Ground out 5-3 (Groundball, 5)
Batting: RHB Ernesto Trevino 0-0: Ball
1-0: Called Strike
1-1: Ball
2-1: Foul Ball, location: 2F
2-2: Strikes out swinging
Batting: SHB Javier Vega 0-0: Swinging Strike
0-1: Ball
1-1: Swinging Strike
1-2: Strikes out looking
Top of the 8th over - 0 runs, 0 hits, 0 errors, 0 left on base; Plymouth 3 - Houston 11
BOTTOM OF THE 8TH
Houston BC batting - Pitching for Plymouth Rocks : LHP Rio Bavin
Batting: RHB Ludovico Trezza 0-0: Called Strike
0-1: Foul Ball, location: 2F
0-2: Ball
1-2: Ball
2-2: Strikes out looking
Batting: RHB Dennis Morrow 0-0: Fly out, F9 (Flyball, 89S)
Batting: RHB Alfredo Rivera 0-0: Ball
1-0: Foul Ball, location: 2F
1-1: Ball
2-1: Ball
3-1: Ground out 4-3 (Groundball, 4)
Bottom of the 8th over - 0 runs, 0 hits, 0 errors, 0 left on base; Plymouth 3 - Houston 11
TOP OF THE 9TH
Plymouth Rocks batting - Pitching for Houston BC : LHP Will Hunting
Pitching: RHP Marc Morgan
Batting: RHB Chris Teague 0-0: Foul Ball, location: 2F
0-1: Ball
1-1: Ground out 6-3 (Groundball, 6)
Batting: RHB Arturo Maldonado 0-0: Ball
1-0: SINGLE (Line Drive, 7S)
Batting: LHB Bernardo Elías 0-0: Called Strike
0-1: Foul Ball, location: 2F
0-2: Ball
1-2: Ball
2-2: Foul Ball, location: 2F
2-2: Foul Ball, location: 2F
2-2: Ball
3-2: Base on Balls
Arturo Maldonado to second
Batting: SHB Arnold Griffith 0-0: SINGLE (Groundball, 6MD)
Arturo Maldonado to third
Bernardo Elías to second
Batting: RHB Andrew Weeks 0-0: Called Strike
0-1: Ball
1-1: Ball
2-1: Ground out 5-3 (Groundball, 5S)
Arturo Maldonado scores
Bernardo Elías to third
Arnold Griffith to second
Batting: LHB José Castillo 0-0: Ball
1-0: Called Strike
1-1: Foul Ball, location: 2F
1-2: Ball
2-2: Ground out 5-3 (Groundball, 56S)
Top of the 9th over - 1 run, 2 hits, 0 errors, 2 left on base; Plymouth 4 - Houston 11
Tuesday, December 19th, 2017 - OOTP Baseball 18.8 Build 76